cohdb
Replays
Latest Replays
All Replays
Popular Replays
Top Player Replays
Match Explorer
How It Works
Community
CoH3 Stats
Reddit
Sign in to upload your games and track your stats! →
Sign in with Steam
Match 35034318
Unlisted
Match 35034318
Overview
Messages
Build Orders
End
Panzergrenadier Squad
Panzergrenadier Squad
Construct Light Support Kompanie
2.5-tonne Medical Truck
Selects Battlefield Espionage Battlegroup
Selects 250/3 Funkpanzerwagen
250/3 Funkpanzerwagen
Fire Support Elements
Tungsten Core Ammunition
Flakvierling Half-track
Veteran Squad Leaders
Panzerpioneer Squad
Pak 38 Anti-tank Gun Team
MG34 Team
Selects Advanced Ambush Training
Selects Intel Disruption Beacon
Construct Panzerarmee Kommand
Flak 36 Anti-tank Gun Team
Selects Plunder
Selects Firestorm
Firestorm
Jesus Christ
Madbirmy
dbexjai
YangXYZ
Orance
I send you to Gulag
CommieRed
Thank You Chef
0
0
Comments
sign in to comment!
No comments posted yet!